ESL (28 & UNDER)
BUTLER WHITE SOX @ BUFFALO LIGHTSABRES
09/21/2026
 
TOP OF THE 1ST
Butler White Sox batting - Pitching for Buffalo LightSabres : LHP Tom Workman
Pitching: LHP Tom Workman
Batting: LHB Félix Fernández 0-0: Called Strike
0-1: Ball
1-1: Ball
2-1: Ground out 4-3 (Groundball, 4)
Batting: RHB Rodney González 0-0: Called Strike
0-1: Ball
1-1: Ball
2-1: Ball
3-1: Called Strike
3-2: Base on Balls
Batting: RHB Luis Ramos 0-0: Called Strike
Throwing error on steal attempt, E2
Rodney González to third
0-1: Foul Ball, location: 2F
0-2: Foul Ball, location: 2F
0-2: Fly out, F8 (Flyball, 8RS)
Batting: SHB Ben Marks 0-0: Ball
1-0: Ball
2-0: Ball
3-0: Base on Balls
Batting: LHB Ron Crawford 0-0: Called Strike
0-1: Ball
1-1: Ball
2-1: Foul Ball, location: 2F
2-2: Foul Ball, location: 2F
2-2: Foul Ball, location: 2F
2-2: Foul Ball, location: 2F
2-2: Ball
3-2: Foul Ball, location: 2F
3-2: Strikes out swinging
Top of the 1st over - 0 run(s), 0 hit(s), 1 error(s), 2 left on base; Butler 0 - Buffalo 0
BOTTOM OF THE 1ST
Buffalo LightSabres batting - Pitching for Butler White Sox : RHP Pedro Mendoza
Pitching: RHP Pedro Mendoza
Batting: RHB Alfredo Villegas 0-0: Ball
1-0: Called Strike
1-1: Ball
2-1: Ground out 6-3 (Groundball, 6)
Batting: RHB José Pérez 0-0: Ball
1-0: Called Strike
1-1: Foul Ball, location: 2F
1-2: Ball
2-2: Strikes out swinging
Batting: SHB Javier Jiménez 0-0: Ball
1-0: Called Strike
1-1: Ball
2-1: Foul Ball, location: 2F
2-2: Ground out 4-3 (Groundball, 4)
Bottom of the 1st over - 0 run(s), 0 hit(s), 0 error(s), 0 left on base; Butler 0 - Buffalo 0
TOP OF THE 2ND
Butler White Sox batting - Pitching for Buffalo LightSabres : LHP Tom Workman
Batting: LHB Dave Cook 0-0: Ball
1-0: Ball
2-0: Ball
3-0: Called Strike
3-1: Swinging Strike
3-2: Base on Balls
Batting: RHB Mançio Delmage 0-0: Ball
1-0: Ball
2-0: Ball
3-0: Base on Balls
Dave Cook to second
Batting: RHB Raúl Bruno 0-0: Called Strike
0-1: Ball
1-1: Ball
2-1: Ball
Wild Pitch!
Dave Cook to third
Mançio Delmage to second
3-1: Base on Balls
Batting: LHB Mike Pearson 0-0: Called Strike
0-1: Ball
1-1: Ball
Passed Ball!
Dave Cook scores
Mançio Delmage to third
Raúl Bruno to second
2-1: Ball
3-1: Base on Balls
Batting: LHB Félix Fernández 0-0: Ball
1-0: Foul Ball, location: 2F
1-1: Ball
2-1: Foul Ball, location: 2F
2-2: DOUBLE (Flyball, 78D)
Mançio Delmage scores
Raúl Bruno scores
Mike Pearson to third
Runner from 3rd tries for Home, SAFE, no throw or cutoff
Batting: RHB Rodney González 0-0: Ball
1-0: Ball
2-0: Called Strike
2-1: Swinging Strike
2-2: Ball
3-2: Fly out, F4 (Popup, 34)
Batting: RHB Luis Ramos 0-0: Ball
1-0: SINGLE (Line Drive, 89S)
Félix Fernández to third
Runner from 3rd tries for Home, SAFE, throw made home
Luis Ramos to second
Batting: SHB Ben Marks 0-0: Ball
1-0: Called Strike
1-1: Ball
2-1: Called Strike
2-2: Foul Ball, location: 2F
2-2: Ball
3-2: Strikes out swinging
Batting: LHB Ron Crawford 0-0: Ball
1-0: Foul Ball, location: 2F
1-1: Foul Ball, location: 2F
1-2: SINGLE (Line Drive, 56D)
Luis Ramos to third
Runner from 3rd tries for Home, SAFE, no throw or cutoff
Batting: LHB Dave Cook 0-0: Ball
1-0: Called Strike
1-1: Ball
2-1: Called Strike
2-2: Foul Ball, location: 2F
2-2: Foul Ball, location: 2F
2-2: Foul Ball, location: 2F
2-2: Foul Ball, location: 2F
2-2: Strikes out looking
Top of the 2nd over - 6 run(s), 3 hit(s), 0 error(s), 1 left on base; Butler 6 - Buffalo 0
BOTTOM OF THE 2ND
Buffalo LightSabres batting - Pitching for Butler White Sox : RHP Pedro Mendoza
Batting: LHB Zack Payton 0-0: Called Strike
0-1: Called Strike
0-2: Strikes out swinging
Batting: RHB Peter Dixon 0-0: Ball
1-0: Swinging Strike
1-1: Called Strike
1-2: Ball
2-2: Foul Ball, location: 2F
2-2: Foul Ball, location: 2F
2-2: Strikes out swinging
Batting: RHB Júlio López 0-0: Ball
1-0: Ball
2-0: Called Strike
2-1: Foul Ball, location: 2F
2-2: Strikes out swinging
Bottom of the 2nd over - 0 run(s), 0 hit(s), 0 error(s), 0 left on base; Butler 6 - Buffalo 0
TOP OF THE 3RD
Butler White Sox batting - Pitching for Buffalo LightSabres : LHP Tom Workman
Batting: RHB Mançio Delmage 0-0: Foul Ball, location: 2F
0-1: Ground out 6-3 (Groundball, 6M)
Batting: RHB Raúl Bruno 0-0: Ball
1-0: Fly out, F9 (Line Drive, 9S)
Batting: LHB Mike Pearson 0-0: Called Strike
0-1: Swinging Strike
0-2: Ball
1-2: Ground out 6-3 (Groundball, 6)
Top of the 3rd over - 0 run(s), 0 hit(s), 0 error(s), 0 left on base; Butler 6 - Buffalo 0
BOTTOM OF THE 3RD
Buffalo LightSabres batting - Pitching for Butler White Sox : RHP Pedro Mendoza
Batting: LHB Sixto Cortés 0-0: Ball
1-0: Fly out, F2 (Popup, 25F)
Batting: RHB Manuel Cintrón 0-0: SOLO HOME RUN (Flyball, 7LD), Distance : 363 ft
Batting: RHB Armando Gusmán 0-0: Foul Ball, location: 2F
0-1: Fly out, F3 (Popup, 3D)
Batting: RHB Alfredo Villegas 0-0: Called Strike
0-1: Ground out 6-3 (Groundball, 6)
Bottom of the 3rd over - 1 run(s), 1 hit(s), 0 error(s), 0 left on base; Butler 6 - Buffalo 1
TOP OF THE 4TH
Butler White Sox batting - Pitching for Buffalo LightSabres : LHP Tom Workman
Batting: LHB Félix Fernández 0-0: Ball
1-0: Swinging Strike
1-1: Foul Ball, location: 2F
1-2: Ball
2-2: Strikes out swinging
Batting: RHB Rodney González 0-0: Ball
1-0: Foul Ball, location: 2F
1-1: Ball
2-1: SINGLE (Groundball, 6MD)
Pitching: RHP Ángel Uribe
Batting: RHB Luis Ramos 0-0: Ball
1-0: Ball
2-0: Grounds into double play, 4-6-3 (Groundball, 4)
Top of the 4th over - 0 run(s), 1 hit(s), 0 error(s), 0 left on base; Butler 6 - Buffalo 1
BOTTOM OF THE 4TH
Buffalo LightSabres batting - Pitching for Butler White Sox : RHP Pedro Mendoza
Batting: RHB José Pérez 0-0: Foul Ball, location: 2F
0-1: Ball
1-1: Swinging Strike
1-2: Strikes out swinging
Batting: SHB Javier Jiménez 0-0: Foul Ball, location: 2F
0-1: Ball
1-1: Ball
2-1: DOUBLE (Flyball, 78D)
Batting: LHB Zack Payton 0-0: Foul Ball, location: 2F
0-1: Foul Ball, location: 2F
0-2: Ground out 4-3 (Groundball, 4)
Javier Jiménez to third
Batting: RHB Peter Dixon 0-0: Ball
1-0: Foul Ball, location: 2F
1-1: Called Strike
1-2: Strikes out looking
Bottom of the 4th over - 0 run(s), 1 hit(s), 0 error(s), 1 left on base; Butler 6 - Buffalo 1
TOP OF THE 5TH
Butler White Sox batting - Pitching for Buffalo LightSabres : RHP Ángel Uribe
Batting: SHB Ben Marks 0-0: Foul Ball, location: 2F
0-1: Ball
1-1: Foul Ball, location: 2F
1-2: Foul Ball, location: 2F
1-2: Ground out 4-3 (Groundball, 4M)
Batting: LHB Ron Crawford 0-0: Foul Ball, location: 2F
0-1: Ball
1-1: Foul Ball, location: 2F
1-2: Ball
2-2: Ground out 4-3 (Groundball, 34)
Batting: LHB Dave Cook 0-0: Ball
1-0: Ball
2-0: Called Strike
2-1: Ball
3-1: Base on Balls
Batting: RHB Mançio Delmage 0-0: Called Strike
0-1: Foul Ball, location: 2F
0-2: Foul Ball, location: 2F
0-2: Ball
1-2: Ball
2-2: Strikes out swinging
Top of the 5th over - 0 run(s), 0 hit(s), 0 error(s), 1 left on base; Butler 6 - Buffalo 1
BOTTOM OF THE 5TH
Buffalo LightSabres batting - Pitching for Butler White Sox : RHP Pedro Mendoza
Batting: RHB Júlio López 0-0: Ground out 4-3 (Groundball, 4M)
Batting: LHB Sixto Cortés 0-0: Foul Ball, location: 2F
0-1: Swinging Strike
0-2: Ball
1-2: Strikes out swinging
Batting: RHB Manuel Cintrón 0-0: SINGLE (Line Drive, 34)
Batting: RHB Armando Gusmán 0-0: Foul Ball, location: 2F
0-1: Ball
1-1: Ball
2-1: Called Strike
2-2: Ball
3-2: Base on Balls
Manuel Cintrón to second
Batting: RHB Alfredo Villegas 0-0: Ball
1-0: Ball
2-0: SINGLE (Line Drive, 6D)
Manuel Cintrón to third
Armando Gusmán to second
Runner from 3rd tries for Home, SAFE, no throw or cutoff
Batting: RHB José Pérez 0-0: Called Strike
0-1: Ball
1-1: Swinging Strike
1-2: Fly out, F4 (Popup, 6MD)
Bottom of the 5th over - 1 run(s), 2 hit(s), 0 error(s), 2 left on base; Butler 6 - Buffalo 2
TOP OF THE 6TH
Butler White Sox batting - Pitching for Buffalo LightSabres : RHP Ángel Uribe
Batting: RHB Raúl Bruno 0-0: Called Strike
0-1: Ball
1-1: Ball
2-1: Ball
3-1: Base on Balls
Batting: LHB Mike Pearson 0-0: Swinging Strike
0-1: Ball
1-1: Ball
2-1: Foul Ball, location: 2F
2-2: Strikes out swinging
Pitching: RHP Pat Jackson
Batting: LHB Félix Fernández 0-0: SINGLE (Line Drive, 34)
Raúl Bruno to second
Batting: RHB Rodney González 0-0: Ball
Wild Pitch!
Raúl Bruno to third
Félix Fernández to second
1-0: Called Strike
1-1: Swinging Strike
1-2: Ball
2-2: Foul Ball, location: 2F
2-2: Strikes out swinging
Batting: RHB Luis Ramos 0-0: Ball
1-0: Called Strike
1-1: Ball
2-1: Swinging Strike
2-2: Strikes out swinging
Top of the 6th over - 0 run(s), 1 hit(s), 0 error(s), 2 left on base; Butler 6 - Buffalo 2
BOTTOM OF THE 6TH
Buffalo LightSabres batting - Pitching for Butler White Sox : RHP Pedro Mendoza
Batting: SHB Javier Jiménez 0-0: Ball
1-0: Foul Ball, location: 2F
1-1: Foul Ball, location: 2F
1-2: Ball
2-2: Strikes out swinging
Batting: LHB Zack Payton 0-0: Foul Ball, location: 2F
0-1: Ball
1-1: Foul Ball, location: 2F
1-2: Foul Ball, location: 2F
1-2: Ball
2-2: Foul Ball, location: 2F
2-2: Foul Ball, location: 2F
2-2: Ground out U3 (Groundball, 3)
Batting: RHB Peter Dixon 0-0: Called Strike
0-1: Fly out, F8 (Flyball, 8RM)
Bottom of the 6th over - 0 run(s), 0 hit(s), 0 error(s), 0 left on base; Butler 6 - Buffalo 2
TOP OF THE 7TH
Butler White Sox batting - Pitching for Buffalo LightSabres : RHP Pat Jackson
Batting: SHB Ben Marks 0-0: Called Strike
0-1: Swinging Strike
0-2: SINGLE (Line Drive, 56D)
Batting: LHB Ron Crawford 0-0: Ball
1-0: Called Strike
1-1: Swinging Strike
1-2: Strikes out swinging
Batting: LHB Dave Cook Pickoff Throw to First - Error! E1
Ben Marks to second
0-0: Intentional Walk
Batting: RHB Mançio Delmage 0-0: Ball
1-0: Swinging Strike
1-1: Foul Ball, location: 2F
1-2: SINGLE (Groundball, 34D) (infield hit)
Ben Marks to third
Dave Cook to second
Batting: RHB Raúl Bruno 0-0: Ball
1-0: Foul Ball, location: 2F
1-1: Fly out, F3 (Popup, 3F)
Pitching: LHP Mike O'Brien
Batting: LHB Mike Pearson 0-0: Ball
1-0: Ball
2-0: Called Strike
2-1: Swinging Strike
2-2: Foul Ball, location: 2F
2-2: Ball
3-2: Foul Ball, location: 2F
3-2: Foul Ball, location: 2F
3-2: Foul Ball, location: 2F
3-2: Foul Ball, location: 2F
3-2: Strikes out swinging
Top of the 7th over - 0 run(s), 2 hit(s), 1 error(s), 3 left on base; Butler 6 - Buffalo 2
BOTTOM OF THE 7TH
Buffalo LightSabres batting - Pitching for Butler White Sox : RHP Pedro Mendoza
Pitching: LHP Francisco Rodríguez
Batting: RHB Júlio López 0-0: Ball
1-0: SINGLE (Flyball, 89S)
Batting: LHB Sixto Cortés 0-0: Ball
1-0: Grounds into double play, 4-6-3 (Groundball, 4)
Batting: RHB Manuel Cintrón 0-0: Called Strike
0-1: Ball
1-1: Ground out 5-3 (Groundball, 5S)
Bottom of the 7th over - 0 run(s), 1 hit(s), 0 error(s), 0 left on base; Butler 6 - Buffalo 2
TOP OF THE 8TH
Butler White Sox batting - Pitching for Buffalo LightSabres : LHP Mike O'Brien
Pitching: RHP Travis Whitney
Batting: LHB Félix Fernández 0-0: Called Strike
0-1: Swinging Strike
0-2: Ground out 4-3 (Groundball, 4)
Batting: RHB Rodney González 0-0: Ball
1-0: Ball
2-0: Fly out, F9 (Popup, 89S)
Batting: RHB Luis Ramos 0-0: Called Strike
0-1: Foul Ball, location: 2F
0-2: Ground out 3-1 (Groundball, 34)
Top of the 8th over - 0 run(s), 0 hit(s), 0 error(s), 0 left on base; Butler 6 - Buffalo 2
BOTTOM OF THE 8TH
Buffalo LightSabres batting - Pitching for Butler White Sox : LHP Francisco Rodríguez
Batting: RHB Armando Gusmán 0-0: Ball
1-0: Ball
2-0: Called Strike
2-1: Foul Ball, location: 2F
2-2: Foul Ball, location: 2F
2-2: Foul Ball, location: 2F
2-2: Ball
3-2: Base on Balls
Batting: RHB Alfredo Villegas 0-0: Called Strike
0-1: Foul Ball, location: 2F
0-2: Ball
1-2: Foul Ball, location: 2F
1-2: Ball
2-2: Foul Ball, location: 2F
2-2: Foul Ball, location: 2F
2-2: Ball
3-2: Strikes out looking
Batting: RHB José Pérez 0-0: Swinging Strike
0-1: Ball
1-1: Ball
2-1: SINGLE (Line Drive, 56)
Armando Gusmán to second
Batting: SHB Javier Jiménez 0-0: Ball
1-0: Ball
2-0: Foul Ball, location: 2F
2-1: Swinging Strike
2-2: Foul Ball, location: 2F
2-2: Ball
3-2: Base on Balls
Armando Gusmán to third
José Pérez to second
Batting: LHB Zack Payton 0-0: Swinging Strike
0-1: Ball
1-1: Foul Ball, location: 2F
1-2: Foul Ball, location: 2F
1-2: TRIPLE (Flyball, 89XD)
Armando Gusmán scores
José Pérez scores
Javier Jiménez scores
Pitching: RHP Ricardo Marino
Pinch Hitting: LHB Craig Kenney 0-0: Ball
1-0: Foul Ball, location: 2F
1-1: Ball
2-1: Ball
3-1: Base on Balls
Pinch Hitting: LHB Rob Davidson 0-0: Ball
1-0: Called Strike
1-1: Foul Ball, location: 2F
1-2: Ball
2-2: Fly out, F9 (Flyball, 89M)
Runner from 3rd tags up, SCORES, no throw
Batting: LHB Sixto Cortés 0-0: Called Strike
0-1: Foul Ball, location: 2F
0-2: Ball
1-2: Strikes out swinging
Bottom of the 8th over - 4 run(s), 2 hit(s), 0 error(s), 1 left on base; Butler 6 - Buffalo 6
TOP OF THE 9TH
Butler White Sox batting - Pitching for Buffalo LightSabres : RHP Travis Whitney
Pitching: RHP Gerardo García
Now at 3B: Abraham Hardy
Now in RF: Craig Kenney
Pinch Hitting: SHB Pedro Martínez 0-0: Ball
1-0: Foul Ball, location: 2F
1-1: Swinging Strike
1-2: Strikes out swinging
Batting: LHB Ron Crawford 0-0: Called Strike
0-1: Swinging Strike
0-2: Ball
1-2: Foul Ball, location: 2F
1-2: Strikes out swinging
Batting: LHB Dave Cook 0-0: Ball
1-0: Called Strike
1-1: Ball
2-1: Called Strike
2-2: Ball
3-2: SINGLE (Flyball, 8RS)
Pinch Runner at 1st Ernesto López:
Pinch Hitting: LHB Jesús González 0-0: Foul Ball, location: 2F
0-1: Swinging Strike
0-2: Ball
1-2: Ball
2-2: Strikes out swinging
Top of the 9th over - 0 run(s), 1 hit(s), 0 error(s), 1 left on base; Butler 6 - Buffalo 6
BOTTOM OF THE 9TH
Buffalo LightSabres batting - Pitching for Butler White Sox : RHP Ricardo Marino
Pitching: LHP Dexter Browning
Now at C: Raúl Ruíz
Now at 1B: Tom Lang
Now at 2B: Tomás Escobar
Pinch Hitting: RHB Donato Gozende 0-0: Ball
1-0: Called Strike
1-1: Foul Ball, location: 2F
1-2: Fly out, F9 (Line Drive, 9M)
Pinch Hitting: RHB Albert Chávez 0-0: Foul Ball, location: 2F
0-1: Swinging Strike
0-2: Ball
1-2: Fly out, F5 (Popup, 56)
Batting: RHB Alfredo Villegas 0-0: Called Strike
0-1: Ball
1-1: Ball
2-1: Swinging Strike
2-2: Fly out, F7 (Flyball, 7D)
Bottom of the 9th over - 0 run(s), 0 hit(s), 0 error(s), 0 left on base; Butler 6 - Buffalo 6
TOP OF THE 10TH
Butler White Sox batting - Pitching for Buffalo LightSabres : RHP Gerardo García
Now at 1B: Albert Chávez
Now at 2B: Donato Gozende
Pinch Hitting: LHB Sean Perkins 0-0: Ball
1-0: Called Strike
1-1: Ball
2-1: SINGLE (Line Drive, 9S)
Batting: LHB Mike Pearson 0-0: Ball
1-0: Swinging Strike
1-1: Ball
2-1: Ball
3-1: Swinging Strike
3-2: Foul Ball, location: 2F
3-2: Foul Ball, location: 2F
3-2: Strikes out swinging
Batting: LHB Félix Fernández 0-0: Ball
1-0: Foul Ball, location: 2F
1-1: Foul Ball, location: 2F
1-2: Ball
2-2: Foul Ball, location: 2F
2-2: Foul Ball, location: 2F
2-2: Ball
3-2: Base on Balls
Sean Perkins to second
Pinch Runner at 2nd Denny Allen:
Batting: RHB Rodney González 0-0: Called Strike
0-1: Foul Ball, location: 2F
0-2: Ball
1-2: Ball
2-2: Strikes out looking
Batting: RHB Luis Ramos 0-0: Ball
1-0: Foul Ball, location: 2F
1-1: Ball
2-1: Ball
3-1: Swinging Strike
3-2: Strikes out looking
Top of the 10th over - 0 run(s), 1 hit(s), 0 error(s), 2 left on base; Butler 6 - Buffalo 6
BOTTOM OF THE 10TH
Buffalo LightSabres batting - Pitching for Butler White Sox : LHP Dexter Browning
Now at SS: Thomas Dixon
Batting: RHB José Pérez 0-0: Ball
1-0: Foul Ball, location: 2F
1-1: Ball
2-1: Ground out 5-3 (Groundball, 5L)
Batting: SHB Javier Jiménez 0-0: Foul Ball, location: 2F
0-1: SINGLE (Groundball, 4M)
Pinch Runner at 1st Barrett Bowden:
Batting: LHB Zack Payton 0-0: Called Strike
0-1: Swinging Strike
0-2: Fly out, F7 (Flyball, 78M)
Pinch Hitting: RHB Jorge Castillo 0-0: Called Strike
Barrett Bowden steals 2nd base
0-1: Called Strike
0-2: Foul Ball, location: 2F
0-2: Foul Ball, location: 2F
0-2: Ball
1-2: Strikes out looking
Bottom of the 10th over - 0 run(s), 1 hit(s), 0 error(s), 1 left on base; Butler 6 - Buffalo 6
TOP OF THE 11TH
Butler White Sox batting - Pitching for Buffalo LightSabres : RHP Gerardo García
Now at 2B: Barrett Bowden
Now in RF: Leslie Adams
Batting: RHB Raúl Ruíz 0-0: Foul Ball, location: 2F
0-1: Ground out 3-1 (Groundball, 34)
Batting: LHB Ron Crawford 0-0: SINGLE (Line Drive, 6MD)
Batting: RHB Tom Lang 0-0: Called Strike
0-1: Grounds into double play, 4-6-3 (Groundball, 4)
Top of the 11th over - 0 run(s), 1 hit(s), 0 error(s), 0 left on base; Butler 6 - Buffalo 6
BOTTOM OF THE 11TH
Buffalo LightSabres batting - Pitching for Butler White Sox : LHP Dexter Browning
Batting: RHB Abraham Hardy 0-0: Called Strike
0-1: Ground out 6-3 (Groundball, 6)
Pitching: LHP Phil Forbes
Batting: LHB Sixto Cortés 0-0: Ball
1-0: Foul Ball, location: 2F
1-1: Foul Ball, location: 2F
1-2: Ball
2-2: SINGLE (Line Drive, 6MD)
Batting: RHB Donato Gozende 0-0: Called Strike
0-1: Fly out, F7 (Flyball, 7LM)
Batting: RHB Albert Chávez 0-0: Ball
1-0: Ground out 4-3 (Groundball, 4)
Bottom of the 11th over - 0 run(s), 1 hit(s), 0 error(s), 1 left on base; Butler 6 - Buffalo 6
TOP OF THE 12TH
Butler White Sox batting - Pitching for Buffalo LightSabres : RHP Gerardo García
Pinch Hitting: RHB Juan Reyes 0-0: Foul Ball, location: 2F
0-1: Ball
1-1: Called Strike
1-2: Foul Ball, location: 2F
1-2: Ball
2-2: Strikes out swinging
Pitching: RHP Domingo Rodríguez
Batting: LHB Thomas Dixon 0-0: Fly out, F7 (Flyball, 78M)
Batting: LHB Mike Pearson 0-0: Ball
1-0: Fly out, F9 (Line Drive, 9M)
Top of the 12th over - 0 run(s), 0 hit(s), 0 error(s), 0 left on base; Butler 6 - Buffalo 6
BOTTOM OF THE 12TH
Buffalo LightSabres batting - Pitching for Butler White Sox : LHP Phil Forbes
Now at 2B: Cássio Cardenas
Batting: RHB Alfredo Villegas 0-0: Called Strike
0-1: Ball
1-1: Foul Ball, location: 2F
1-2: Foul Ball, location: 2F
1-2: Foul Ball, location: 2F
1-2: DOUBLE (Line Drive, 8LXD)
Batting: RHB José Pérez 0-0: Intentional Walk
Batting: SHB Barrett Bowden 0-0: Foul Ball, location: 2F
0-1: Foul Ball, location: 2F
0-2: Strikes out swinging
Batting: LHB Zack Payton 0-0: Called Strike
Alfredo Villegas steals 3rd base
José Pérez to second
0-1: Intentional Walk
Pitching: LHP Domingo Morales
Pinch Hitting: RHB Manny Clemente 0-0: Ball
1-0: Ball
2-0: Grounds into double play, 6-2-3 (Groundball, 6M)
Bottom of the 12th over - 0 run(s), 1 hit(s), 0 error(s), 2 left on base; Butler 6 - Buffalo 6
TOP OF THE 13TH
Butler White Sox batting - Pitching for Buffalo LightSabres : RHP Domingo Rodríguez
Now in CF: Manny Clemente
Batting: LHB Félix Fernández 0-0: Ball
1-0: Called Strike
1-1: Called Strike
1-2: Foul Ball, location: 2F
1-2: Foul Ball, location: 2F
1-2: Strikes out swinging
Batting: RHB Rodney González 0-0: SINGLE (Groundball, 34)
Batting: RHB Luis Ramos 0-0: Called Strike
0-1: SINGLE (Groundball, 56D)
Rodney González to second
Batting: RHB Raúl Ruíz 0-0: Ball
1-0: Foul Ball, location: 2F
1-1: Ball
2-1: Ball
3-1: Foul Ball, location: 2F
3-2: Foul Ball, location: 2F
3-2: Foul Ball, location: 2F
3-2: Foul Ball, location: 2F
3-2: SINGLE (Groundball, 56)
Rodney González to third
Luis Ramos to second
Batting: LHB Ron Crawford 0-0: Ball
1-0: TRIPLE (Line Drive, 78D)
Rodney González scores
Luis Ramos scores
Raúl Ruíz scores
Batting: RHB Tom Lang 0-0: Intentional Walk
Pitching: RHP Howard Jewel
Batting: RHB Cássio Cardenas 0-0: Ball
1-0: Ball
2-0: Called Strike
2-1: Ball
3-1: Swinging Strike
3-2: Strikes out swinging
Batting: LHB Thomas Dixon 0-0: Ball
1-0: Called Strike
1-1: Foul Ball, location: 2F
1-2: Fly out, F2 (Popup, 2L)
Top of the 13th over - 3 run(s), 4 hit(s), 0 error(s), 2 left on base; Butler 9 - Buffalo 6
BOTTOM OF THE 13TH
Buffalo LightSabres batting - Pitching for Butler White Sox : LHP Domingo Morales
Batting: RHB Abraham Hardy 0-0: Foul Ball, location: 2F
0-1: Foul Ball, location: 2F
0-2: Ball
1-2: Foul Ball, location: 2F
1-2: Ball
2-2: Foul Ball, location: 2F
2-2: Ball
3-2: Base on Balls
Batting: LHB Sixto Cortés 0-0: Ball
Balk!
Abraham Hardy to second
1-0: Ball
2-0: Ball
3-0: Called Strike
3-1: Called Strike
3-2: Base on Balls
Batting: RHB Donato Gozende 0-0: Ball
1-0: Ball
2-0: Called Strike
2-1: Ball
3-1: Swinging Strike
3-2: Base on Balls
Abraham Hardy to third
Sixto Cortés to second
Batting: RHB Albert Chávez 0-0: Ball
1-0: SINGLE (Line Drive, 7S)
Abraham Hardy scores
Sixto Cortés to third
Donato Gozende to second
Runner from 3rd tries for Home, SAFE, throw made home
Donato Gozende to third
Albert Chávez to second
Batting: RHB Alfredo Villegas 0-0: Called Strike
0-1: Ball
1-1: Ball
Wild Pitch!
Donato Gozende scores
Albert Chávez to third
2-1: Ball
3-1: Base on Balls
Pitching: RHP Manny Pérez
Batting: RHB José Pérez 0-0: Ball
Alfredo Villegas steals 2nd base
1-0: Called Strike
1-1: Called Strike
1-2: Fly out, F3 (Line Drive, 34)
Batting: SHB Barrett Bowden 0-0: Intentional Walk
Batting: LHB Zack Payton 0-0: Ball
1-0: Ball
2-0: Called Strike
2-1: Ball
3-1: Base on Balls
Albert Chávez scores
Alfredo Villegas to third
Barrett Bowden to second
Monday, December 5th, 2016 - OOTP Baseball 17.12 Build 75